 Seeded DCSS version 0.29.1-15-g9cfb28693d (webtiles) character file.

Game seed: 1 (custom seed)

47 Kazon the Covered (level 3, -2/31 HPs)
             Began as a Demigod Fighter on Mar 16, 2023.
             Slain by a gnoll
             ... wielding a +0 whip
              (5 damage)
             ... on level 2 of the Dungeon.
             The game lasted 00:03:14 (806 turns).

Kazon the Covered (Demigod Fighter)                  Turns: 806, Time: 00:03:14

Health: -2/31      AC: 13    Str: 17    XL:     3   Next: 29%
Magic:  5/5        EV:  9    Int: 14    God:
Gold:   121        SH:  0    Dex: 13    Spells: 2/2 levels left

rFire   . . .      SeeInvis .   f - +9 lajatang of the Threshing Enemy {protect, rPois rCorr}
rCold   . . .      Faith    .   (shield currently unavailable)
rNeg    . . .      Spirit   .   b - +0 scale mail
rPois   +          Reflect  .   (no helmet)
rElec   .          Harm     .   (no cloak)
rCorr   +          Rampage  .   (no gloves)
Will    .....                   (no boots)
Stlth   ..........              a - amulet of the acrobat
HPRegen 0.10/turn               (no ring)
MPRegen 0.09/turn               (no ring)

@: under a protective aura
A: high MP 1, forlorn, divine attributes
a: no special abilities


You were on level 2 of the Dungeon.
You visited 1 branch of the dungeon, and saw 2 of its levels.

You collected 121 gold pieces.

Inventory:

Hand Weapons
 f - the +9 lajatang of the Threshing Enemy (weapon) {protect, rPois rCorr}
   (You acquired it on level 1 of the Dungeon)

   It grants its wielder temporary protection when it strikes (+7 to AC).
   rPois:     It protects you from poison.
   rCorr:     It protects you from acid and corrosion.
Missiles
 i - 8 stones (quivered)
 j - a throwing net
Armour
 b - a +0 scale mail (worn)
Jewellery
 a - an amulet of the acrobat (around neck)
Scrolls
 h - a scroll of identify {unknown}
Potions
 c - a potion of flight {unknown}
 d - a potion of might
 e - a potion of haste {unknown}
 g - a potion of attraction {unknown}


   Skills:
 + Level 3.0 Fighting
 + Level 2.0 Long Blades
 + Level 1.3 Staves
 + Level 3.1 Armour
 + Level 2.8 Shields


You had 2 spell levels left.
You didn't know any spells.
Your spell library was empty.

Dungeon Overview and Level Annotations

Branches:
Dungeon (2/15)


Innate Abilities, Weirdness & Mutations

You have an increased reservoir of magic. (+10% MP)
You shall have no god before yourself.
Your divine heritage dramatically boosts your attributes as you level up.


Message History

The gnoll hits you but does no damage.
You barely miss the gnoll.
A gnoll comes into view. It is wielding a +0 halberd.
The gnoll barely misses you. The gnoll hits you with a +0 spear.
The gnoll shouts!
You slice the gnoll!!
Your weapon exudes an aura of protection.
You kill the gnoll!
The ball python barely misses you. The ball python closely misses you.
A gnoll comes into view. It is wielding a +0 whip.
The gnoll shouts!
You slice the ball python!!
You kill the ball python!
You slash the endoplasm!
You kill the endoplasm!
j - a throwing net You see here a +0 spear.
The gnoll barely misses you.
Found a scroll labelled DYOVOE RUSYGI.
The gnoll completely misses you.
You slash the gnoll!
Your weapon exudes an aura of protection.
The gnoll is severely wounded.
A goblin comes into view. It is wielding a +0 club.
The gnoll hits you with a +0 halberd.
The goblin shouts!
You hit the gnoll.
The gnoll is almost dead.
The gnoll hits you with a +0 halberd.
The goblin unwields a +0 club.
The goblin wields a +0 sling.
The goblin shoots a sling bullet.
The sling bullet hits you but does no damage.
The gnoll barely misses you.
You closely miss the gnoll. The gnoll hits you with a +0 halberd.
* * * LOW HITPOINT WARNING * * *
The gnoll misses you.
The goblin shoots a sling bullet.
The sling bullet hits you.
* * * LOW HITPOINT WARNING * * *
You completely miss the gnoll.
The gnoll is almost dead.
The gnoll hits you but does no damage. x3; The gnoll hits you with a +0 whip.
You die...

..? .# # g.##
#.## .. ...#
....# #....
..# ....# ...
..#.....#
#.##.#.....#
#..g.......#
..#@# #g#g# #
######.#)#.#.#
#......†.....#
#.##.......###
#.##.$####.#
#.##..# .#
#.##..# .# # #
#.##..####.#


You could see 2 gnolls and a goblin.

Vanquished Creatures
  A gnoll (D:2)
  An adder (D:2)
  A worm (D:2)
  5 endoplasms
  A giant cockroach (D:1)
  4 goblins (D:1)
  3 hobgoblins
  A kobold (D:1)
  A quokka (D:1)
  A ball python (D:2)
  2 bats
  3 rats (D:1)
24 creatures vanquished.

Notes
Turn   | Place    | Note
-------+----------+-------------------------------------------
     0 | D:1      | Kazon the Demigod Fighter began the quest for the Orb.
     0 | D:1      | Reached XP level 1. HP: 18/18 MP: 3/3
    55 | D:1      | Identified a scroll of acquirement
    55 | D:1      | Acquired the +9 lajatang of the Threshing Enemy {protect,
                  | rPois rCorr}
   134 | D:1      | Reached XP level 2. HP: 25/25 MP: 4/4
   792 | D:2      | Reached skill level 1 in Staves
   792 | D:2      | Reached XP level 3. HP: 19/31 MP: 5/5
   806 | D:2      | Slain by a gnoll

Illustrated notes

Levels and vault maps discovered:
D:1:      dpeg_arrival_three_smaller_balls, layout_basic
D:2:      layout_loops_ring

Skill      XL: |  1  2 |
---------------+-------+-----
Armour         | 3 |  3.1
Fighting       | 3 |  3.0
Long Blades    | 2 |  2.0
Staves         | 1 |  1.3
Shields        | |  2.8

Action                   || total
-------------------------++-------
Melee: Long sword        ||     8
       Lajatang          ||    46
  Use: Scroll            ||     1
Armor: Scale mail        ||    37
Dodge: Dodged            ||    23
Block: Buckler           ||     1
